 Dungeon Crawl Stone Soup version 0.23.0 (webtiles) character file.

Game seed: 5036937433726329964

121 misha the Poker (level 5, -6/42 HPs)
             Began as a Merfolk Monk on Feb 17, 2019.
             Mangled by Grinder (8 damage)
             ... on level 3 of the Dungeon.
             The game lasted 00:13:18 (3403 turns).

misha the Poker (Merfolk Monk)                      Turns: 3403, Time: 00:13:19

Health: -6/42      AC:  3    Str: 13    XL:     5   Next: 5%
Magic:  5/5        EV: 14    Int:  9    God:
Gold:   107        SH:  0    Dex: 16    Spells: 4/4 levels left

rFire    . . .     SeeInvis .   a - +0 spear
rCold    . . .     Gourm    .   (no shield)
rNeg     . . .     Faith    .   p - +0 leather armour
rPois    .         Spirit   .   (no helmet)
rElec    .         Reflect  .   (no cloak)
rCorr    .         Harm     .   (no gloves)
MR       .....                  (no boots)
Stlth    ++........             (no amulet)
HPRegen  0.14/turn              (no ring)
MPRegen  0.09/turn              (no ring)

@: no status effects
A: change form in water, swift swim, stealthy swim
a: no special abilities


You were on level 3 of the Dungeon.
You were not hungry.

You visited 1 branch of the dungeon, and saw 3 of its levels.

You collected 107 gold pieces.

Inventory:

Hand Weapons
 a - a +0 spear (weapon)
 e - a +0 spear
 f - a +0 dagger
 j - a +0 club
 k - a +0 club
 l - a +0 club
 m - a +0 club
 o - a +0 dagger
 r - a +0 spear
 t - a +0 spear
 v - a +2 dagger of speed
 y - a +0 short sword
 D - a +0 war axe
 F - a +0 hand axe
 G - a +0 mace
Missiles
 d - 28 poisoned needles
 g - 78 stones (quivered)
 A - 21 arrows
 B - 41 sling bullets
Armour
 b - a +0 robe
 p - a +0 leather armour (worn)
 q - a +0 robe
 w - a +0 leather armour
 x - a +0 robe
 E - a +0 chain mail
 H - a +0 scale mail
 I - a +0 helmet
Wands
 C - a wand of paralysis (6)
Scrolls
 c - 2 scrolls of immolation {unknown}
 h - 3 scrolls of fear {unknown}
 u - a scroll of identify {unknown}
 J - a scroll of remove curse {unknown}
Potions
 i - a potion of curing {unknown}
 n - a potion of magic {unknown}
 s - a potion of might {unknown}
 z - a potion of heal wounds {unknown}


   Skills:
 + Level 3.8 Fighting
 + Level 5.9 Polearms
 + Level 0.8 Armour
 + Level 4.8 Dodging
 + Level 3.3 Stealth


You had 4 spell levels left.
You didn't know any spells.
Your spell library was empty.

Dungeon Overview and Level Annotations

Branches:
Dungeon (3/15)

Altars:

Annotations:
D:3 Grinder, Jessica


Message History

You hit Grinder.
Grinder is moderately wounded.
Grinder hits you.
* * * LOW HITPOINT WARNING * * *
You writhe in agony.
* * * LOW HITPOINT WARNING * * *
You are too injured to fight recklessly!
You closely miss Grinder.
Grinder is moderately wounded.
Grinder hits you.
* * * LOW HITPOINT WARNING * * *
You writhe in agony.
* * * LOW HITPOINT WARNING * * *
You are too injured to fight recklessly!
You closely miss Grinder.
Grinder is moderately wounded.
You hit Grinder but do no damage.
Grinder is moderately wounded.
Grinder hits you!
You die...

... # #.##.......##
###########...# #.###.##.#.......
..........#[..# #.#......%.......
.########.#...# #................
.# #.#...# ###5#...........# .#
#.....# #.####.##..#.?# .#
#....## #.# #........#
.########...#######.# ####..#?.#
.#.@....?......5@...# ##..#...
.#..#####....######## #...##.# .#
#..#.## #.#.##.# .# # #.....#
#.#.##.# .# .# #.....# #.#.##.#
.#..#####.....############.#.....
........................)..####.#
....####..........############...
....# #.........## #....


You could see Grinder.

Vanquished Creatures
  An orc priest (D:3)
  Terence (D:3)
  2 adders
  3 leopard geckos
  2 orcs (D:3)
  A ball python (D:3)
  7 bats
  A giant cockroach (D:1)
  3 goblins
  6 hobgoblins (D:1)
  2 jackals (D:2)
  6 kobolds
  A quokka (D:2)
  4 frilled lizards
  5 rats
45 creatures vanquished.

Notes
Turn   | Place    | Note
-------+----------+-------------------------------------------
     0 | D:1      | misha the Merfolk Monk began the quest for the Orb.
     0 | D:1      | Reached XP level 1. HP: 18/18 MP: 1/1
   457 | D:1      | Reached XP level 2. HP: 21/24 MP: 2/2
   929 | D:1      | Reached skill level 5 in Polearms
   929 | D:1      | Reached XP level 3. HP: 28/29 MP: 3/3
  2279 | D:3      | Noticed Jessica
  2312 | D:3      | Reached XP level 4. HP: 29/37 MP: 4/4
  2577 | D:3      | Noticed Terence
  2626 | D:3      | Killed Terence
  2989 | D:3      | Reached XP level 5. HP: 11/42 MP: 5/5
  3360 | D:3      | Noticed Grinder
  3371 | D:3      | Paralysed by Grinder for 5 turns
  3390 | D:3      | Paralysed by Grinder for 3 turns
  3400 | D:3      | HP: 1/42 [Grinder (4)]
  3403 | D:3      | Mangled by Grinder

Skill      XL: |  1  2  3 |
---------------+----------+-----
Polearms       | 5 |  5.9
Stealth        | 3 |  3.3
Fighting       | |  3.8
Armour         | |  0.8
Dodging        | |  4.8

Action                   |  1- 3 |  4- 6 || total
-------------------------+-------+-------++-------
Melee: Spear             |   137 |    89 ||   226
Throw: Stone             |     3 |       ||     3
 Stab: Sleeping          |    11 |       ||    11
  Eat: Ration            |     1 |     1 ||     2
       Chunk             |       |     1 ||     1
Armor: Robe              |     5 |       ||     5
       Leather armour    |    10 |    11 ||    21
Dodge: Dodged            |    71 |    39 ||   110
